Map: Thunderbird LE

Players

pHARM - Winner!

  • Race: Zerg Zerg
  • League: Platinum
  • Spawn Location: 5:00

FreshFactor

  • Race: Zerg Zerg
  • League: Platinum
  • Spawn Location: 11:00

VOD

Have the link to the VOD?

Description

Time

  • Played on: Aug. 5, 2019, 12:54 a.m.
  • Length: 16:09
Show
View Real Time Build Order
Export as new Build Order

pHARM Zerg - Winner!

Build Orders: Hatch First, Roach Hydra 

Get SALT Encoding   

  12  0:01  Drone  
  13  0:19  Overlord  
  13  0:21  Drone  
  14  0:39  Drone x2  
  16  0:51  Hatchery  
  15  0:58  Drone x2  
  17  1:17  Spawning Pool  
  16  1:25  Drone  
  16  1:26  Drone x2  
  19  1:40  Extractor  
  19  1:42  Drone  
  19  1:53  Drone  
  20  2:05  Zergling x4, Queen x2  
  26  2:10  Zergling x2  
  27  2:15  Spine Crawler  
  27  2:16  Zergling x2  
  27  2:36  Drone  
  28  2:38  Overlord  
  28  2:43  Lair  
  28  2:58  Drone  
  28  2:59  Drone x4  
  33  3:09  Drone  
  34  3:13  Drone  
  34  3:15  Overlord  
  35  3:26  Overlord  
  35  3:27  Drone  
  35  3:33  Queen  
  38  3:35  Evolution Chamber  
  38  3:37  Evolution Chamber  
  36  3:43  Roach Warren  
  36  3:48  Drone x6  
  37  4:22  Extractor  
  37  4:23  Roach x3, Extractor  
  37  4:24  Roach x2  
  45  4:26  Drone x4  
  49  4:31  Zerg Missile Weapons Level 1  
  49  4:43  Glial Reconstitution  
  49  4:50  Overlord  
  49  4:53  Drone  
  49  4:54  Drone x2  
  49  4:58  Overlord x2  
  52  5:31  Drone x4  
  52  5:32  Drone x2  
  52  5:33  Roach x7  
  72  5:53  Overlord x2  
  72  5:54  Roach  
  72  5:56  Roach  
  78  6:11  Roach  
  78  6:12  Roach x4  
  78  6:13  Roach  
  88  6:32  Hatchery  
  87  6:43  Drone x5  
  87  6:44  Overlord x2  
  80  7:04  Drone  
  80  7:05  Drone x4  
  85  7:13  Drone x3  
  88  7:20  Extractor  
  88  7:21  Hydralisk Den  
  88  7:22  Zerg Missile Weapons Level 2  
  86  7:23  Zerg Ground Armor Level 1  
  72  8:00  Infestation Pit  
  71  8:16  Roach  
  71  8:17  Roach x14  
  71  8:19  Extractor  
  100  8:21  Grooved Spines  
  100  8:36  Hive  
  100  8:55  Extractor  
  99  8:56  Roach x7  
  99  8:57  Overlord x2  
  99  8:58  Overlord  
  113  9:14  Overlord  
  113  9:15  Overlord x4  
  113  9:23  Hatchery  
  112  9:33  Muscular Augments  
  110  9:39  Hydralisk x12  
  110  9:40  Hydralisk  
  132  10:04  Hydralisk x8  
  144  10:09  Overseer  
  140  10:25  Roach x10  
  136  10:47  Spire  
  135  10:52  Drone x2  
  135  10:53  Drone x6  
  121  11:22  Roach  
  121  11:23  Roach x19  
  159  11:32  Zerg Missile Weapons Level 3  
  159  12:05  Greater Spire  
  159  12:11  Overlord x2  
  159  12:12  Overlord x2  
  159  12:14  Hydralisk x4, Roach  
  159  12:15  Roach x3  
  175  12:20  Overseer  
  147  12:42  Drone x5  
  147  12:43  Drone x5  
  157  12:45  Hydralisk x12  
  181  12:53  Corruptor  
  181  12:54  Corruptor  
  185  13:09  Extractor  
  184  13:14  Extractor  
  183  13:21  Hatchery  
  182  13:35  Brood Lord x2  
  186  13:44  Corruptor x3  
  192  14:23  Brood Lord x2  
  196  14:24  Brood Lord  
  184  15:38  Roach x5  
  184  15:39  Roach x13  
  184  15:40  Overlord, Roach  
  184  15:41  Overlord x2  
Show
View Real Time Build Order
Export as new Build Order

FreshFactor Zerg 

Build Orders: Pool First 

Get SALT Encoding   

  12  0:01  Drone  
  13  0:08  Drone  
  14  0:16  Overlord  
  14  0:34  Spawning Pool  
  13  0:37  Drone  
  13  0:41  Drone  
  15  0:47  Drone  
  16  0:53  Extractor  
  15  0:59  Drone  
  15  1:00  Drone  
  17  1:20  Hatchery  
  17  1:21  Zergling x2  
  17  1:24  Zergling x2  
  18  1:31  Drone  
  19  1:37  Queen  
  21  1:46  Overlord  
  21  2:00  Drone  
  22  2:07  Drone  
  23  2:37  Zergling x8, Queen  
  25  2:40  Metabolic Boost  
  29  2:47  Zergling x2  
  30  2:52  Drone  
  30  2:54  Overlord  
  30  2:56  Lair  
  31  3:07  Extractor  
  31  3:10  Drone x2  
  31  3:12  Drone  
  33  3:16  Overlord  
  33  3:25  Drone x2  
  35  3:31  Queen  
  35  3:33  Overlord  
  37  3:36  Drone  
  38  3:55  Drone x4  
  41  4:00  Zergling x8  
  45  4:17  Roach Warren  
  44  4:30  Drone x2  
  44  4:31  Drone x3  
  49  4:44  Hatchery  
  48  4:51  Drone x2  
  48  4:52  Drone  
  51  4:53  Evolution Chamber, Drone x2  
  51  4:56  Evolution Chamber  
  51  4:57  Glial Reconstitution  
  51  5:08  Drone x3  
  51  5:10  Roach x2  
  58  5:27  Zerg Ground Armor Level 1, Zerg Missile Weapons Level 1  
  58  5:28  Overlord  
  58  5:29  Overlord  
  58  5:56  Roach x3  
  68  5:57  Roach x4  
  68  6:01  Queen  
  74  6:06  Extractor  
  74  6:07  Extractor  
  72  6:17  Drone  
  72  6:18  Drone x2  
  75  6:19  Drone x3  
  75  6:20  Overlord  
  75  6:23  Ravager x3  
  81  6:52  Hatchery  
  73  6:57  Roach x5  
  73  6:58  Zergling x8, Roach x3  
  82  7:12  Roach x4  
  82  7:14  Overlord  
  82  7:15  Overlord  
  84  7:35  Zergling x6  
  84  7:36  Zergling x6, Roach x2  
  84  7:37  Roach  
  96  7:58  Zerg Missile Weapons Level 2  
  96  7:59  Zerg Ground Armor Level 2  
  96  8:03  Infestation Pit  
  96  8:04  Overseer  
  96  8:05  Hatchery  
  94  8:15  Hydralisk Den  
  94  8:17  Drone x2  
  94  8:18  Drone  
  96  8:20  Zergling x2  
  96  8:21  Zergling x10  
  96  8:26  Ravager  
  96  8:27  Ravager x3  
  106  8:46  Overlord x3  
  106  9:03  Queen  
  108  9:13  Extractor  
  108  9:15  Drone, Hydralisk x2, Muscular Augments, Extractor  
  108  9:16  Hydralisk x7  
  124  9:43  Hydralisk x3  
  124  9:44  Hydralisk, Infestor  
  134  9:50  Drone x2  
  134  9:52  Drone  
  134  9:53  Overlord x3  
  88  10:32  Grooved Spines  
  88  10:34  Roach x4  
  88  10:35  Roach x6  
  100  10:36  Roach x4  
  94  11:14  Hydralisk x6, Roach x3  
  94  11:15  Hydralisk  
  99  11:48  Hydralisk x4  
  99  11:49  Hydralisk x4  
  115  11:57  Drone x4  
  119  12:13  Drone x4  
  119  12:14  Overlord x2  
  123  12:19  Infestor  
  102  12:39  Roach x3  
  108  12:45  Drone x2  
  108  12:46  Drone x2  
  108  12:50  Hydralisk x4  
  108  12:51  Hydralisk  
  120  12:57  Overseer x2  
  122  13:02  Hive  
  122  13:15  Queen  
  124  13:37  Swarm Host  
  124  13:41  Infestor x4  
  127  13:44  Infestor  
  127  13:46  Zergling x8  
  127  13:47  Zergling x10  
  146  13:49  Overlord x2  
  146  13:50  Overlord  
  146  14:07  Baneling Nest  
  145  14:31  Lurker Den  
  145  14:32  Hatchery  
  143  14:43  Queen  
  145  14:49  Hydralisk x4  
  145  14:50  Hydralisk x6  
  145  14:51  Zergling x6, Hydralisk  
  170  15:02  Hatchery  
  169  15:20  Overseer  
Tags
 
Composition
Roach Hydra
Matchup
ZvZ
Race
Zerg
Replay Pack
10.7.19
Spawn Locations
Cross Positions
Add a new tag
Caveats
  • Supply blocks, unpowered buildings, or Contaminate may cause inaccurate times.
  • Supply counts are checked every 10 seconds.